[Event "Titled Tuesday Blitz August 08 Late 2023"]
[White "Tqebuchava, Zurab"]
[Black "Ingunza Curro, Andres"]
[WhiteFideId "13601113"]
[BlackFideId "24526371"]
[WhiteElo "2273"]
[BlackElo "2425"]
[Result "0-1"]
[Round "3"]
[TimeControl "180+1"]
[Date "2023.08.08"]
[WhiteClock "0:00:00"]
[BlackClock "0:00:12"]
[Board "146"]

1. e4 Nc6 2. Nf3 e5 3. Bb5 a6 4. Ba4 Nge7 5. O-O g6 6. c3 Bg7 7. d4 exd4 8. cxd4 b5 9. Bb3 O-O 10. d5 Na5 11. d6 Nec6 12. dxc7 Qxc7 13. Bd5 Bb7 14. Nc3 Ne7 15. Bxb7 Qxb7 16. Bg5 f6 17. Bf4 Rfe8 18. Rc1 Rad8 19. Qd6 Nc4 20. Qb4 d5 21. Nxd5 Nxd5 22. exd5 Qxd5 23. b3 Qe4 24. Bc7 Rc8 25. bxc4 Rxc7 26. Rfe1 Qc6 27. Rxe8+ Qxe8 28. c5 Bf8 29. h3 a5 30. Qb3+ Qf7 31. Qd3 Bxc5 32. Rd1 Kg7 33. Qxb5 Bb4 34. Nd4 h5 35. Qe2 Kh7 36. Qf3 Rd7 37. Nb3 Rxd1+ 38. Qxd1 a4 39. Nc1 Ba3 40. Nd3 Qxa2 41. Qxa4 Qb1+ 42. Kh2 Qxd3 43. Qd7+ Qxd7 0-1


[Site "https://www.chess.com"]

[Event "Titled Tuesday Blitz August 08 Late 2023"]
[White "littlepinkyboy"]
[Black "Merino Garcia, Rafael II"]
[BlackFideId "2209128"]
[WhiteElo "2397"]
[BlackElo "2267"]
[Result "1-0"]
[Round "3"]
[TimeControl "180+1"]
[Date "2023.08.08"]
[WhiteClock "0:00:04"]
[BlackClock "0:01:07"]
[Board "147"]

1. e4 d6 2. d4 Nd7 3. Nc3 g6 4. Nf3 Bg7 5. Be3 a6 6. Qd2 b5 7. Bd3 Bb7 8. a3 e6 9. O-O h6 10. d5 e5 11. a4 b4 12. Na2 a5 13. c3 bxc3 14. Nxc3 Ne7 15. Nb5 f5 16. exf5 gxf5 17. Qc2 O-O 18. Qxc7 Qxc7 19. Nxc7 Rac8 20. Nb5 e4 21. Nxd6 Bxd5 22. Nxc8 Rxc8 23. Bb5 exf3 24. Bxd7 Rc7 25. Bb5 fxg2 26. Rfc1 Rb7 27. Rc5 Be4 28. Rd1 Ng6 29. Bc6 Bxc6 30. Rxc6 Nh4 31. Rc4 Bf6 32. Rd6 Rg7 33. Rxh4 Bxh4 34. Rxh6 Be7 35. Rh5 Bb4 36. Rxf5 Rc7 37. Kxg2 Rc2 38. b3 Rb2 39. Rb5 Rxb3 40. Bb6 Rb2 41. Bxa5 Re2 42. Rxb4 Re6 43. Rg4+ Kf7 44. Bc3 Ra6 45. Rf4+ Ke6 46. Kf3 Kd5 47. Rf5+ Ke6 48. Rf6+ 1-0


[Site "https://www.chess.com"]

[Event "Titled Tuesday Blitz August 08 Late 2023"]
[White "Gatterer, Florian"]
[Black "De Souza, Cristiano Gomes"]
[WhiteFideId "811688"]
[BlackFideId "2151758"]
[WhiteElo "2373"]
[BlackElo "2234"]
[Result "1/2-1/2"]
[Round "3"]
[TimeControl "180+1"]
[Date "2023.08.08"]
[WhiteClock "0:00:23"]
[BlackClock "0:01:01"]
[Board "148"]

1. e4 c5 2. Nf3 d6 3. Bb5+ Bd7 4. Bxd7+ Qxd7 5. O-O Nc6 6. c3 e5 7. d4 cxd4 8. cxd4 exd4 9. Nxd4 Nf6 10. Nc3 Be7 11. Re1 O-O 12. Bg5 Rfe8 13. Rc1 h6 14. Bf4 Rac8 15. Nd5 Nxd5 16. exd5 Ne5 17. Bxe5 Rxc1 18. Qxc1 dxe5 19. Nf3 Bf6 20. Qc4 Qd6 21. g3 Rd8 22. Rd1 Qd7 23. Qe4 Qd6 24. Qc4 g6 25. Kg2 Bg7 26. h4 f5 27. h5 e4 28. Nh4 f4 29. Qxe4 fxg3 30. fxg3 gxh5 31. Nf5 Qf6 32. Rf1 Kh8 33. Ne7 Qxb2+ 34. Rf2 Qd4 35. Ng6+ Kg8 36. Ne7+ Kh8 37. Ng6+ Kg8 38. Ne7+ Kh8 1/2-1/2


[Site "https://www.chess.com"]

[Event "Titled Tuesday Blitz August 08 Late 2023"]
[White "Ferrufino, Boris"]
[Black "Bernat, David"]
[WhiteFideId "3300170"]
[BlackFideId "2099225"]
[WhiteElo "2058"]
[BlackElo "2372"]
[Result "1-0"]
[Round "3"]
[TimeControl "180+1"]
[Date "2023.08.08"]
[WhiteClock "0:00:03"]
[BlackClock "0:00:22"]
[Board "149"]

1. d4 d5 2. Nf3 Nf6 3. e3 c5 4. c3 Nc6 5. Bd3 Bg4 6. h3 Bxf3 7. Qxf3 e6 8. Nd2 Bd6 9. O-O Qc7 10. dxc5 Bxc5 11. e4 Ne5 12. Qe2 Nxd3 13. Qxd3 O-O-O 14. exd5 Nxd5 15. Qf3 f5 16. Nb3 Bb6 17. Bg5 Rd7 18. Rad1 h6 19. Bc1 Re8 20. Nd4 g6 21. Bxh6 e5 22. Nc2 e4 23. Qe2 f4 24. Qg4 Qe5 25. Nb4 Nf6 26. Qxf4 Qxf4 27. Bxf4 Nh5 28. Be3 Bxe3 29. fxe3 Ng3 30. Rxd7 Kxd7 31. Rf7+ Kc8 32. Nd5 Rd8 33. c4 Nf5 34. g4 Nd6 35. Rc7+ Kb8 36. Rg7 Nxc4 37. Nc3 Nxe3 38. Nxe4 Nc4 39. Rxg6 Nxb2 40. h4 Rd4 41. Nc5 Rc4 42. Ne6 Nd3 43. Rg8+ Rc8 44. Rxc8+ Kxc8 45. h5 Kd7 46. h6 Ne5 47. h7 Nf7 48. Nf4 Nh8 49. g5 Ke7 50. Kf2 Kf7 51. Kf3 Kg7 52. Kg4 Kxh7 53. Kf5 b5 54. Ne6 a5 55. Kf6 Kg8 56. g6 Nxg6 57. Kxg6 b4 58. Nc5 Kf8 59. Kf6 Ke8 60. Ke6 Kd8 61. Kd6 a4 62. Nxa4 Kc8 63. Kc5 b3 64. axb3 Kb7 65. b4 Ka6 66. b5+ Kb7 67. b6 Ka8 68. Kc6 Kb8 69. Nc5 Kc8 70. b7+ Kd8 71. b8=Q+ Ke7 72. Qd6+ Kf7 73. Kd5 Kg7 74. Ke5 Kf7 75. Kf5 Kg7 76. Qf6+ Kg8 77. Qe7 Kh8 78. Kg6 Kg8 79. Qg7# 1-0


[Site "https://www.chess.com"]

[Event "Titled Tuesday Blitz August 08 Late 2023"]
[White "Hartikainen, Jarmo"]
[Black "Salemgareev, Tagir"]
[WhiteFideId "503134"]
[BlackFideId "24199052"]
[WhiteElo "2094"]
[BlackElo "2659"]
[Result "0-1"]
[Round "3"]
[TimeControl "180+1"]
[Date "2023.08.08"]
[WhiteClock "0:00:02"]
[BlackClock "0:00:25"]
[Board "150"]

1. e4 c5 2. c3 Nf6 3. e5 Nd5 4. d4 cxd4 5. Nf3 e6 6. cxd4 d6 7. Nc3 Nxc3 8. bxc3 Qc7 9. Bd2 Nd7 10. exd6 Bxd6 11. Bd3 b6 12. Qc2 Nb8 13. h4 Nd7 14. h5 h6 15. O-O Bb7 16. Be4 O-O 17. Rfe1 Bxe4 18. Qxe4 Nf6 19. Qh4 Be7 20. Qh3 Rac8 21. Ne5 b5 22. a3 Nd5 23. Kh1 a5 24. Re4 Nxc3 25. Rg4 Kh8 26. Rc1 b4 27. axb4 axb4 28. Qe3 Bf6 29. f4 Nd5 30. Rxc7 Nxe3 31. Rxc8 Rxc8 32. Bxe3 b3 33. Rg3 b2 0-1


[Site "https://www.chess.com"]

[Event "Titled Tuesday Blitz August 08 Late 2023"]
[White "Vasques, Antonio Pedro Freixial"]
[Black "Ismayil, Malak"]
[WhiteFideId "1908332"]
[BlackFideId "13412604"]
[WhiteElo "2322"]
[BlackElo "2599"]
[Result "1-0"]
[Round "3"]
[TimeControl "180+1"]
[Date "2023.08.08"]
[WhiteClock "0:01:05"]
[BlackClock "0:00:00"]
[Board "151"]

1. e4 e5 2. Nf3 Nc6 3. Bc4 Bc5 4. O-O Nf6 5. d4 Bxd4 6. Nxd4 Nxd4 7. Bg5 d6 8. f4 Be6 9. fxe5 dxe5 10. Bxe6 Nxe6 11. Qxd8+ Rxd8 12. Bxf6 gxf6 13. Nc3 c6 14. Rxf6 Ke7 15. Raf1 Rhf8 16. Rh6 Rd2 17. Rf2 Rfd8 18. Nd5+ R2xd5 19. exd5 cxd5 20. Rxh7 Ng5 21. Rg7 Ne4 22. Rfxf7+ Kd6 23. Rxb7 d4 24. Rxa7 Rc8 25. c3 dxc3 26. bxc3 Rxc3 27. h4 Rc1+ 28. Kh2 Nf2 29. Rg6+ Kd5 30. h5 Rh1+ 31. Kg3 Ne4+ 32. Kf3 Nd2+ 33. Ke2 Nc4 34. h6 Kd4 35. h7 1-0


[Site "https://www.chess.com"]

[Event "Titled Tuesday Blitz August 08 Late 2023"]
[White "Harish, Neeraj"]
[Black "Chen, Max"]
[WhiteFideId "30958130"]
[BlackFideId "2622440"]
[WhiteElo "2320"]
[BlackElo "2578"]
[Result "0-1"]
[Round "3"]
[TimeControl "180+1"]
[Date "2023.08.08"]
[WhiteClock "0:00:31"]
[BlackClock "0:00:31"]
[Board "152"]

1. e4 c5 2. Nf3 d6 3. d4 cxd4 4. Nxd4 Nf6 5. Nc3 a6 6. h3 e5 7. Nb3 h5 8. Bg5 Be7 9. Qd2 Be6 10. O-O-O Nbd7 11. Kb1 Rc8 12. f4 b5 13. f5 Bc4 14. Bd3 b4 15. Ne2 Nxe4 16. Bxe4 Bxg5 17. Qxd6 Bxe2 18. Bc6 Rxc6 19. Qxc6 Bb5 20. Qb7 O-O 21. Nc5 Nxc5 22. Rxd8 Nxb7 0-1


[Site "https://www.chess.com"]

[Event "Titled Tuesday Blitz August 08 Late 2023"]
[White "Ai, Evan"]
[Black "Thomforde-Toates, Noah"]
[WhiteFideId "2094770"]
[BlackFideId "30951992"]
[WhiteElo "2319"]
[BlackElo "2557"]
[Result "0-1"]
[Round "3"]
[TimeControl "180+1"]
[Date "2023.08.08"]
[WhiteClock "0:00:00"]
[BlackClock "0:02:29"]
[Board "153"]

1. d4 Nf6 2. Nc3 d6 3. Bd2 e5 4. dxe5 dxe5 5. e4 Bc5 6. h3 O-O 7. Nf3 Re8 8. Bc4 Be6 9. Qe2 Nc6 10. O-O-O Qe7 11. Bxe6 Qxe6 12. g4 Nd4 13. Nxd4 exd4 14. Nb1 Nxe4 15. a3 Nc3 16. Nxc3 dxc3 17. Be3 Qa2 18. bxc3 Rad8 19. Rxd8 Rxd8 20. Bd4 Qa1+ 0-1


[Site "https://www.chess.com"]

[Event "Titled Tuesday Blitz August 08 Late 2023"]
[White "AndresDelgado77"]
[Black "Goncalves, Davi Sulzbacher"]
[BlackFideId "2154510"]
[WhiteElo "2314"]
[BlackElo "2505"]
[Result "0-1"]
[Round "3"]
[TimeControl "180+1"]
[Date "2023.08.08"]
[WhiteClock "0:00:00"]
[BlackClock "0:00:27"]
[Board "154"]

1. e4 c5 2. Nf3 Nc6 3. b4 cxb4 4. d4 d5 5. exd5 Qxd5 6. c4 bxc3 7. Nxc3 Qa5 8. Bd2 e6 9. d5 exd5 10. Bb5 Nf6 11. Nxd5 Qd8 12. Nxf6+ Qxf6 13. O-O Be6 14. Bg5 Qf5 15. Qa4 Rc8 16. Nd4 Qxg5 17. Nxc6 bxc6 18. Bxc6+ Ke7 19. Qxa7+ Kf6 20. Rac1 Bd6 21. f4 Qf5 22. Qd4+ Ke7 23. Qa7+ Rc7 24. Qd4 Rhc8 25. Be4 Bc5 0-1


[Site "https://www.chess.com"]

[Event "Titled Tuesday Blitz August 08 Late 2023"]
[White "Stachanczyk, Jacek"]
[Black "Berezin, Viktor"]
[WhiteFideId "1116657"]
[BlackFideId "14107872"]
[WhiteElo "2314"]
[BlackElo "2494"]
[Result "1-0"]
[Round "3"]
[TimeControl "180+1"]
[Date "2023.08.08"]
[WhiteClock "0:01:13"]
[BlackClock "0:00:37"]
[Board "155"]

1. e4 c6 2. d4 d5 3. Nc3 dxe4 4. Nxe4 Nf6 5. Nxf6+ exf6 6. c3 Bd6 7. Bd3 O-O 8. Ne2 Re8 9. O-O Qc7 10. Ng3 Nd7 11. Nf5 Bxh2+ 12. Kh1 Nf8 13. g3 Bxf5 14. Bxf5 Bxg3 15. fxg3 Qxg3 16. Qg4 Qxg4 17. Bxg4 Re4 18. Bf3 Rh4+ 19. Kg2 Re8 20. Bd2 g5 21. Rae1 Rxe1 22. Rxe1 Ne6 23. d5 cxd5 24. Bxd5 Nc5 25. Re7 Kg7 26. Rxf7+ Kg6 27. Rc7 Nd3 28. Rxb7 Ra4 29. Bb3 Re4 30. Kf3 f5 31. Rxa7 g4+ 32. Kg3 Re2 33. Ra6+ Kg7 34. Bh6+ Kh8 35. Ra8+ 1-0


[Site "https://www.chess.com"]

[Event "Titled Tuesday Blitz August 08 Late 2023"]
[White "Liu, Casper"]
[Black "Garmendiarov"]
[WhiteFideId "1454153"]
[WhiteElo "2488"]
[BlackElo "2312"]
[Result "0-1"]
[Round "3"]
[TimeControl "180+1"]
[Date "2023.08.08"]
[WhiteClock "0:00:03"]
[BlackClock "0:00:04"]
[Board "156"]

1. d4 Nf6 2. Nf3 g6 3. h4 h5 4. c4 Bg7 5. Nc3 d5 6. cxd5 Nxd5 7. e4 Nxc3 8. bxc3 c5 9. Be3 O-O 10. Bc4 Bg4 11. O-O Bxf3 12. Qxf3 cxd4 13. cxd4 Bxd4 14. Rad1 e5 15. Bh6 Nc6 16. Bxf8 Qxf8 17. Rb1 Qe7 18. Bd5 Bb6 19. Rfc1 Nd4 20. Qd3 Qxh4 21. Bxb7 Rd8 22. Rc8 Ne6 23. Rxd8+ Nxd8 24. g3 Qf6 25. Bd5 Qxf2+ 26. Kh1 Be3 27. Bc4 Qxg3 28. Qxd8+ Kh7 29. Bf1 Qg1# 0-1


[Site "https://www.chess.com"]

[Event "Titled Tuesday Blitz August 08 Late 2023"]
[White "Weisz, Bryan"]
[Black "Molenda, Marcin"]
[WhiteFideId "30934133"]
[BlackFideId "1173065"]
[WhiteElo "2308"]
[BlackElo "2471"]
[Result "1/2-1/2"]
[Round "3"]
[TimeControl "180+1"]
[Date "2023.08.08"]
[WhiteClock "0:00:07"]
[BlackClock "0:00:27"]
[Board "157"]

1. g3 h5 2. h3 e5 3. Bg2 d5 4. d4 e4 5. c4 c6 6. Nc3 Nf6 7. Bg5 Bb4 8. Qb3 Qa5 9. Bxf6 gxf6 10. cxd5 cxd5 11. e3 Nc6 12. Ne2 Be6 13. O-O h4 14. g4 Bd6 15. Qxb7 Rc8 16. Nb5 Bb8 17. Rac1 Qb6 18. Qxb6 axb6 19. f3 exf3 20. Bxf3 f5 21. gxf5 Bxf5 22. Bxd5 Ne7 23. Rxc8+ Bxc8 24. Bxf7+ Kd8 25. Nf4 Nf5 26. Ng6 Rh7 27. Ne5 Nxe3 28. Rf6 Bxh3 29. Nc6+ Kc8 30. Be6+ Kb7 31. Bxh3 Rg7+ 32. Kf2 Nd5 33. Nd6+ Kxc6 34. Nf5+ Nxf6 35. Nxg7 Kd5 36. Nf5 Bg3+ 37. Nxg3 hxg3+ 38. Kxg3 Kxd4 39. Kf3 Kd3 40. Bf5+ Kd2 41. Kf4 Kc1 42. Ke5 Kxb2 43. Be6 Ne8 44. Kd4 Nc7 45. Bb3 Ka3 46. Ke5 Kb4 47. Kd6 Na6 48. Kc6 Ka5 49. Bc4 Nc5 50. Bd5 Na4 51. Kc7 Nc3 52. Bb3 b5 53. Bf7 b4 54. Kc6 Ka4 55. Kc5 Ka3 56. Be6 Ne4+ 57. Kd4 Nd2 58. Kc5 Nb1 59. Kd4 Nc3 60. Kc5 Na4+ 61. Kb5 Nb2 62. Bb3 Nd3 63. Kc4 Nc1 64. Bc2 Nxa2 65. Bb1 Nc3 66. Bc2 Ne2 67. Bd1 Ng3 68. Bc2 Nf1 69. Bd3 Ne3+ 70. Kd4 Nd1 71. Bc4 Nb2 72. Bd5 Na4 73. Bc4 Nb6 74. Be6 Na4 75. Bc4 Nc3 76. Be6 Kb2 77. Bc4 Na4 78. Be6 Ka3 79. Bc4 1/2-1/2


[Site "https://www.chess.com"]

[Event "Titled Tuesday Blitz August 08 Late 2023"]
[White "Ljukin, Sergei"]
[Black "Lalanne, Pablo"]
[WhiteFideId "14102200"]
[BlackFideId "112151"]
[WhiteElo "2468"]
[BlackElo "2308"]
[Result "0-1"]
[Round "3"]
[TimeControl "180+1"]
[Date "2023.08.08"]
[WhiteClock "0:00:00"]
[BlackClock "0:00:20"]
[Board "158"]

1. e4 e5 2. Nf3 Nc6 3. Bb5 a6 4. Ba4 Nf6 5. Qe2 b5 6. Bb3 Bc5 7. c3 d6 8. d3 h6 9. Be3 Bxe3 10. fxe3 O-O 11. Nbd2 a5 12. O-O a4 13. Bc2 b4 14. Qe1 a3 15. b3 bxc3 16. Nc4 Be6 17. Qxc3 Re8 18. Rac1 d5 19. exd5 Nxd5 20. Qd2 Ncb4 21. e4 Nxc2 22. exd5 Bxd5 23. Rxc2 e4 24. dxe4 Bxe4 25. Qxd8 Raxd8 26. Rd2 Rxd2 27. Nfxd2 Bd3 28. Rd1 Re2 29. Nxa3 Ba6 30. Nac4 Bb7 31. Kf1 Rxg2 32. Re1 Rxh2 33. Re8+ Kh7 34. Re7 Kg6 35. Rxc7 Ba6 36. Rc6+ f6 37. Rxa6 h5 38. Rd6 h4 39. Re6 Rh1+ 40. Kf2 Ra1 41. a4 h3 42. Kg3 Kf7 43. Re2 g5 44. Kxh3 f5 45. Kg3 Kf6 46. a5 Ra2 47. b4 Ra4 48. Re3 Rxb4 49. Rd3 Ra4 50. Rd6+ Kf7 51. Rb6 Ra2 52. Nb3 Kg7 53. Ne3 Ra3 54. Nxf5+ Kf8 55. Nd4 Ke8 56. a6 Kd8 57. Kg4 Kc7 0-1


[Site "https://www.chess.com"]

[Event "Titled Tuesday Blitz August 08 Late 2023"]
[White "Omariev, Maksim"]
[Black "Lopez Idarraga, Daniel Eduardo"]
[WhiteFideId "4193423"]
[BlackFideId "4405501"]
[WhiteElo "2456"]
[BlackElo "2305"]
[Result "0-1"]
[Round "3"]
[TimeControl "180+1"]
[Date "2023.08.08"]
[WhiteClock "0:00:00"]
[BlackClock "0:01:29"]
[Board "159"]

1. g4 d5 2. Bg2 Bxg4 3. c4 dxc4 4. Bxb7 Nd7 5. Bxa8 Qxa8 6. f3 Ngf6 7. Na3 Nb6 8. Nxc4 Nxc4 9. Qa4+ Bd7 10. Qxc4 e5 11. Qxc7 e4 12. b3 Be7 13. Qe5 O-O 14. Qxe7 exf3 15. Nxf3 Re8 16. Qxe8+ Qxe8 17. Bb2 Nd5 18. Rg1 f6 19. Nd4 Qh5 20. O-O-O Qxh2 21. Kb1 h5 22. e4 Nb4 23. Nf5 Bxf5 24. exf5 Qf4 25. a3 Qxf5+ 26. Ka1 Nd5 27. Rc1 a5 28. Ka2 a4 29. bxa4 Qe6 30. Ka1 Qa6 31. Rh1 Nf4 32. Rh4 g5 33. Rxf4 gxf4 34. Rh1 Qxa4 35. Rxh5 Qd1+ 36. Ka2 Qxh5 37. Bc3 Qd5+ 38. Kb2 f3 0-1


[Site "https://www.chess.com"]

[Event "Titled Tuesday Blitz August 08 Late 2023"]
[White "Spichkin, Alexander"]
[Black "Delorme, Axel"]
[WhiteFideId "4144074"]
[BlackFideId "632023"]
[WhiteElo "2304"]
[BlackElo "2453"]
[Result "0-1"]
[Round "3"]
[TimeControl "180+1"]
[Date "2023.08.08"]
[WhiteClock "0:00:14"]
[BlackClock "0:00:22"]
[Board "160"]

1. f4 d5 2. Nf3 Bg4 3. e3 Nd7 4. d4 Ngf6 5. h3 Bxf3 6. Qxf3 e6 7. Bd3 c6 8. O-O Bd6 9. c4 O-O 10. Nc3 a6 11. Bd2 b5 12. c5 Bc7 13. Rad1 a5 14. f5 e5 15. e4 exd4 16. Ne2 Ne5 17. Qg3 dxe4 18. Bb1 Nf3+ 19. Rxf3 Bxg3 20. Rxg3 e3 21. Be1 Re8 22. Rxd4 Qe7 23. Bc3 b4 24. Be1 Qxc5 25. Rd1 Rad8 26. Rc1 Qb5 27. Nf4 e2 28. Bd3 Qb6+ 29. Kh2 Qd4 30. Nxe2 Qxb2 31. Rc2 Qe5 32. Kh1 c5 33. Bb5 Re7 34. Bf2 Rd1+ 35. Kh2 Ne4 36. Bxc5 Nxg3 37. Nxg3 Rc7 38. Re2 Rxc5 39. Rxe5 Rxe5 40. Bc4 a4 41. Nh5 Rd4 42. Bb5 b3 43. axb3 axb3 44. Be8 b2 45. f6 Rxh5 46. fxg7 b1=Q 47. Bxf7+ Kxf7 48. Kg3 Qd3+ 49. Kh2 Rxh3+ 50. gxh3 Qe2+ 51. Kh1 Rd1# 0-1


[Site "https://www.chess.com"]

[Event "Titled Tuesday Blitz August 08 Late 2023"]
[White "KrokerGuy"]
[Black "Talbi, Chafik"]
[BlackFideId "7903715"]
[WhiteElo "2451"]
[BlackElo "2302"]
[Result "1-0"]
[Round "3"]
[TimeControl "180+1"]
[Date "2023.08.08"]
[WhiteClock "0:00:04"]
[BlackClock "0:00:00"]
[Board "161"]

1. e4 c6 2. d4 d5 3. Nc3 dxe4 4. Nxe4 Nf6 5. Nxf6+ exf6 6. c3 Bd6 7. Bd3 O-O 8. Qc2 Re8+ 9. Ne2 h6 10. O-O Na6 11. Bf4 Nc7 12. Rfe1 Bg4 13. Qd2 Bxe2 14. Rxe2 Rxe2 15. Bxe2 Bxf4 16. Qxf4 Qe7 17. Bc4 Re8 18. g3 Ne6 19. Qe3 Qd6 20. Re1 Nc7 21. Qd2 Rxe1+ 22. Qxe1 g6 23. h4 h5 24. Qe4 Kg7 25. Bb3 Qd7 26. Bc2 Nb5 27. a4 Nd6 28. Qe2 Qe6 29. Bd3 f5 30. Kf1 Qd5 31. f3 Qe6 32. Kf2 Kf6 33. Qd2 Kg7 34. Qe2 Kf6 35. a5 Qxe2+ 36. Kxe2 Ke7 37. Ke3 f6 38. Kf4 Nf7 39. Bc4 Nd8 40. b4 Ne6+ 41. Bxe6 Kxe6 42. c4 Kd6 43. Ke3 g5 44. f4 gxf4+ 45. Kxf4 Ke6 46. d5+ cxd5 47. cxd5+ Kxd5 48. Kxf5 Kc4 49. Kg6 Kxb4 50. Kxh5 Kxa5 51. Kg4 b5 52. Kf4 b4 53. Ke3 Ka4 54. h5 1-0


[Site "https://www.chess.com"]

[Event "Titled Tuesday Blitz August 08 Late 2023"]
[White "Schmidt, Harald"]
[Black "Prithu Gupta"]
[WhiteFideId "4648358"]
[BlackFideId "46618546"]
[WhiteElo "2289"]
[BlackElo "2449"]
[Result "0-1"]
[Round "3"]
[TimeControl "180+1"]
[Date "2023.08.08"]
[WhiteClock "0:00:00"]
[BlackClock "0:00:08"]
[Board "162"]

1. e4 e5 2. Nf3 Nc6 3. Bb5 g6 4. h4 d6 5. d3 h5 6. Nbd2 Bd7 7. Nc4 Qe7 8. Ne3 Nf6 9. Bd2 O-O-O 10. a4 Bh6 11. a5 Ng4 12. a6 b6 13. Nd5 Qe8 14. Bxh6 Rxh6 15. Qd2 Ne7 16. Bxd7+ Qxd7 17. Nf6 Qb5 18. Nxg4 hxg4 19. Qxh6 gxf3 20. O-O-O Qxa6 21. Kb1 fxg2 22. Rhg1 d5 23. Qg5 Nc6 24. c3 dxe4 25. Qxg2 Rxd3 26. Qxe4 Rxd1+ 27. Rxd1 Qb5 28. f4 exf4 29. Qxf4 Ne5 30. Qe4 Nc6 31. Qe8+ Kb7 32. Qxf7 Qh5 33. Rd7 Qe5 34. Qd5 Qe1+ 35. Ka2 Qxh4 36. Rg7 Qa4+ 37. Kb1 Qf4 38. Rxg6 Qf1+ 39. Kc2 Qf2+ 40. Kb3 Qc5 41. Qxc5 bxc5 42. Kc4 Ne5+ 43. Kxc5 Nxg6 44. b4 c6 45. c4 Kc7 46. b5 cxb5 47. Kxb5 Ne7 48. Ka6 Nc6 49. c5 Kb8 50. Kb5 Kb7 51. Ka4 a5 0-1


[Site "https://www.chess.com"]

[Event "Titled Tuesday Blitz August 08 Late 2023"]
[White "GAO"]
[Black "Maus7"]
[WhiteElo "2288"]
[BlackElo "2434"]
[Result "1/2-1/2"]
[Round "3"]
[TimeControl "180+1"]
[Date "2023.08.08"]
[WhiteClock "0:00:09"]
[BlackClock "0:00:04"]
[Board "163"]

1. e4 c5 2. Nf3 d6 3. d4 cxd4 4. Qxd4 Nf6 5. Be2 Nc6 6. Qe3 e5 7. O-O Be6 8. Rd1 Be7 9. c4 O-O 10. Nc3 Nd7 11. h3 h6 12. a3 a5 13. b3 Nc5 14. Bb2 Nxb3 15. Rab1 Ncd4 16. Nb5 Nxe2+ 17. Qxe2 Rc8 18. Bxe5 Bxc4 19. Qb2 Bxb5 20. Qxb3 Bc6 21. Bxd6 Bxd6 22. e5 Bxf3 23. Qxf3 Rc6 24. Rxb7 Qc8 25. Rxd6 Qxb7 26. Rxc6 Re8 27. Qc3 Qb1+ 28. Kh2 Qf5 29. Rc5 Qxf2 30. Rxa5 Qf4+ 31. Qg3 Qd4 32. Rb5 g6 33. h4 h5 34. Kh3 Qc4 35. Rb4 Qd5 36. Kh2 Rxe5 37. Rb8+ Kh7 38. Rb4 Rf5 39. Rf4 Qe6 40. Rxf5 Qxf5 41. a4 Qa5 42. Qf4 Qa7 43. Kg3 f5 44. Qc4 Qe3+ 45. Kh2 f4 46. Qf7+ Kh6 47. Qf8+ Kh7 48. Qf7+ Kh6 49. Qf8+ Kh7 50. Qf7+ 1/2-1/2


[Site "https://www.chess.com"]

[Event "Titled Tuesday Blitz August 08 Late 2023"]
[White "Guerrero Vargas, Andres Jesus"]
[Black "Fajdetic, Hrvoje"]
[WhiteFideId "3902048"]
[BlackFideId "14501945"]
[WhiteElo "2434"]
[BlackElo "2288"]
[Result "1-0"]
[Round "3"]
[TimeControl "180+1"]
[Date "2023.08.08"]
[WhiteClock "0:01:20"]
[BlackClock "0:01:14"]
[Board "164"]

1. e4 c5 2. d4 cxd4 3. c3 d3 4. c4 Nc6 5. Nc3 g6 6. Bxd3 Bg7 7. Nge2 d6 8. h3 Nf6 9. O-O O-O 10. Be3 Be6 11. Rc1 Rc8 12. b3 Qa5 13. a3 a6 14. b4 Qh5 15. Qd2 g5 16. Ng3 Qg6 17. e5 Nxe5 18. Bxg6 Nxc4 19. Bxh7+ Kxh7 20. Qd3+ Kg8 21. Bxg5 Ne5 22. Qb1 1-0


[Site "https://www.chess.com"]

[Event "Titled Tuesday Blitz August 08 Late 2023"]
[White "Steindl, Johannes"]
[Black "WindWhistler11"]
[WhiteFideId "1643266"]
[WhiteElo "2286"]
[BlackElo "2425"]
[Result "0-1"]
[Round "3"]
[TimeControl "180+1"]
[Date "2023.08.08"]
[WhiteClock "0:00:14"]
[BlackClock "0:00:59"]
[Board "165"]

1. e4 e6 2. d4 d5 3. Nd2 Nc6 4. Ngf3 Nf6 5. e5 Nd7 6. Be2 f6 7. exf6 Qxf6 8. Nf1 Bd6 9. Ne3 O-O 10. O-O h6 11. c4 Qf7 12. Qb3 Ne7 13. Ng4 c5 14. dxc5 Nxc5 15. Qc2 Qh5 16. h3 e5 17. Nfxe5 Bxg4 18. Bxg4 Qxe5 19. f4 Qd4+ 20. Kh1 Bxf4 21. cxd5 Nd3 22. Bd2 Nf2+ 23. Rxf2 Qxf2 24. Be6+ Kh8 0-1


[Site "https://www.chess.com"]

[Event "Titled Tuesday Blitz August 08 Late 2023"]
[White "Ladan, Nicholas"]
[Black "Garcia-Castany Musellas, Gal.la"]
[WhiteFideId "30918855"]
[BlackFideId "2241803"]
[WhiteElo "2423"]
[BlackElo "2281"]
[Result "1-0"]
[Round "3"]
[TimeControl "180+1"]
[Date "2023.08.08"]
[WhiteClock "0:01:20"]
[BlackClock "0:00:00"]
[Board "166"]

1. d4 Nf6 2. e3 e6 3. Nf3 Be7 4. Be2 O-O 5. O-O b6 6. b3 Bb7 7. Bb2 c5 8. a3 d6 9. Nbd2 Nbd7 10. c4 cxd4 11. Nxd4 d5 12. Bf3 Rc8 13. Rc1 a6 14. Qe2 Ne5 15. Rfd1 Nxf3+ 16. N2xf3 Ba8 17. cxd5 Nxd5 18. Qxa6 Bf6 19. e4 Nf4 20. e5 Rxc1 21. Bxc1 Bxf3 22. gxf3 Bxe5 23. Bxf4 Bxf4 24. Qe2 Qh4 25. Kf1 Qxh2 26. Ke1 Rd8 27. Qe4 e5 28. Ke2 exd4 29. Rxd4 1-0


[Site "https://www.chess.com"]

[Event "Titled Tuesday Blitz August 08 Late 2023"]
[White "Nathan, Nitish"]
[Black "Cagara, Paulina"]
[WhiteFideId "30927870"]
[BlackFideId "1124870"]
[WhiteElo "2410"]
[BlackElo "2272"]
[Result "1-0"]
[Round "3"]
[TimeControl "180+1"]
[Date "2023.08.08"]
[WhiteClock "0:00:55"]
[BlackClock "0:00:43"]
[Board "167"]

1. d4 f5 2. Bf4 Nf6 3. e3 g6 4. Nf3 Bg7 5. h3 d6 6. Be2 O-O 7. O-O Qe8 8. c4 Nbd7 9. Nc3 e5 10. Bh2 e4 11. Nd2 Qe7 12. b4 c6 13. c5 d5 14. Bd6 Qe8 15. Bxf8 Nxf8 16. b5 Bd7 17. bxc6 Bxc6 18. Rb1 g5 19. Bb5 f4 20. Bxc6 bxc6 21. Nb3 Qd7 22. f3 fxe3 23. Qe2 Ng6 24. Qxe3 Nf4 25. fxe4 Nxe4 26. Nxe4 dxe4 27. Qxe4 Re8 28. Qf3 h6 29. Kh1 Qc7 30. Rfe1 Rf8 31. Qe4 Nh5 32. Qe7 Ng3+ 33. Kg1 Rf1+ 34. Kh2 Qxe7 35. Rxe7 Rxb1 36. Kxg3 Rb2 37. Rxa7 h5 38. Rc7 Rxa2 39. Rxc6 Ra3 40. Rb6 Bxd4 41. Kh2 Be5+ 42. Kg1 Ra2 43. Rg6+ Kf7 44. Rxg5 Kf6 45. Rxh5 Rb2 46. Na5 Rb1+ 47. Kf2 Bd4+ 48. Kf3 Rb2 49. c6 Be5 50. Rxe5 Kxe5 51. Nc4+ Kd5 52. Nxb2 Kxc6 53. h4 1-0


[Site "https://www.chess.com"]

[Event "Titled Tuesday Blitz August 08 Late 2023"]
[White "KorolDimitriy75"]
[Black "Acosta Cruz, Oscar Yosimar"]
[BlackFideId "5111269"]
[WhiteElo "2409"]
[BlackElo "2256"]
[Result "1-0"]
[Round "3"]
[TimeControl "180+1"]
[Date "2023.08.08"]
[WhiteClock "0:00:12"]
[BlackClock "0:01:08"]
[Board "168"]

1. d4 f5 2. c4 Nf6 3. Nf3 g6 4. b3 Bg7 5. Bb2 O-O 6. g3 d6 7. Bg2 c6 8. O-O Na6 9. Nbd2 Qe8 10. Re1 h6 11. e4 fxe4 12. Nxe4 Nxe4 13. Rxe4 Bf5 14. Re1 Qf7 15. Qd2 g5 16. d5 Nc5 17. Bxg7 Kxg7 18. Nd4 Rae8 19. dxc6 bxc6 20. Bxc6 Nd3 21. Bxe8 Rxe8 22. Nxf5+ Qxf5 23. Re3 Ne5 24. Qe2 Rf8 25. Kg2 h5 26. Re1 h4 27. Rxe5 dxe5 28. Qxe5+ Qxe5 29. Rxe5 Kf6 30. Ra5 Rd8 31. Rxa7 g4 32. h3 hxg3 33. Kxg3 gxh3 34. Kxh3 Rd2 35. Kg3 Rb2 36. c5 e6 37. c6 Ke5 38. c7 Rc2 39. b4 Kd6 40. b5 Rc3+ 41. f3 Kd7 42. b6 Rc2 43. Ra8 e5 44. Rd8+ Ke7 45. c8=Q 1-0


[Site "https://www.chess.com"]